 Dungeon Crawl Stone Soup version 0.19-a0-1886-gd64a0f0 (console) character file.

7830 ChaseSP the Impaler (level 11, -1/76 HPs)
             Began as a Merfolk Gladiator on Oct 16, 2016.
             Was a Priest of Okawaru.
             Slain by Alatreon's ghost (18 damage)
             ... on level 10 of the Dungeon.
             The game lasted 00:40:01 (10506 turns).

ChaseSP the Impaler (Merfolk Gladiator)            Turns: 10506, Time: 00:40:01

Health: -1/76      AC: 18    Str: 16    XL:     11   Next: 21%
Magic:  0/15       EV: 14    Int:  7    God:    Okawaru [***...]
Gold:   528        SH:  0    Dex: 18    Spells: 0 memorised, 10 levels left

rFire  . . .     SeeInvis .     R - +0 halberd
rCold  + . .     Gourm    .     m - +0 chain mail
rNeg   . . .     Faith    .     (shield currently unavailable)
rPois  +         Spirit   +     c - +1 helmet
rElec  .         Dismiss  .     s - +2 cloak
rCorr  .         Reflect  .     z - +0 pair of gloves
MR     .....     Harm     .     t - +0 pair of boots
Stlth  ..........               r - amulet of guardian spirit
                                O - ring of poison resistance
                                P - ring "Fusuvuq" {+Inv rC+ EV+2 Stlth+}

@: no status effects
A: change form in water, swift swim, stealthy swim
a: Heroism, Renounce Religion, Evoke Invisibility


You were on level 10 of the Dungeon.
You worshipped Okawaru.
Okawaru was most pleased with you.
You were not hungry.

You visited 2 branches of the dungeon, and saw 11 of its levels.

You collected 528 gold pieces.

Inventory:

Hand Weapons
 a - a +0 trident
 R - a +0 halberd (weapon)
Missiles
 d - 3 throwing nets (quivered)
Armour
 c - a +1 helmet (worn)
 m - a +0 chain mail (worn)
 s - a +2 cloak (worn)
 t - a +0 pair of boots (worn)
 z - a +0 pair of gloves (worn)
Jewellery
 h - an uncursed ring of ice
 p - an uncursed ring of protection from cold
 r - an amulet of guardian spirit (around neck)
 H - an uncursed ring of resist corrosion
 L - an uncursed ring of see invisible
 O - a ring of poison resistance (right hand)
 P - the ring "Fusuvuq" (left hand) {+Inv rC+ EV+2 Stlth+}
   (You found it on level 7 of the Dungeon)

   [ring of evasion]

   It affects your evasion (+2).
   It protects you from cold.
   It lets you turn invisible.
   It makes you more stealthy.
Wands
 y - a wand of iceblast (6/15)
 Q - a wand of iceblast (9/15)
 V - a wand of paralysis (14/24)
 Y - a wand of enslavement (6/24)
Scrolls
 e - a scroll of noise {unknown}
 k - 2 scrolls of recharging
 l - 3 scrolls of remove curse
 n - a scroll of enchant weapon {unknown}
 o - a scroll of blinking
 x - 5 scrolls of enchant armour
 A - a scroll of fog {unknown}
 E - 2 scrolls of amnesia
 G - a scroll of fear {unknown}
 J - a scroll of brand weapon {unknown}
 S - 3 scrolls of identify
 T - 3 scrolls of teleportation
Potions
 b - 2 potions of flight
 j - a potion of beneficial mutation {unknown}
 u - 2 potions of curing
 v - 2 potions of lignification
 w - 2 potions of brilliance
 B - a potion of haste {unknown}
 C - 3 potions of heal wounds
 F - 2 potions of magic {unknown}
 I - a potion of cancellation {unknown}
 M - a potion of invisibility {unknown}
Books
 D - a book of Changes

   Spells                             Type                      Level
   a - Beastly Appendage              Transmutation                1
   b - Sticks to Snakes               Transmutation                2
   c - Spider Form                    Transmutation/Poison         3
   d - Ice Form                       Ice/Transmutation            4
   e - Blade Hands                    Transmutation                5
 K - a book of Necromancy

   Spells                             Type                      Level
   a - Pain                           Necromancy                   1
   b - Animate Skeleton               Necromancy                   1
   c - Vampiric Draining              Necromancy                   3
   d - Regeneration                   Charms/Necromancy            3
   e - Animate Dead                   Necromancy                   4
   f - Control Undead                 Necromancy                   4
 N - a book of Frost

   Spells                             Type                      Level
   a - Freeze                         Ice                          1
   b - Throw Frost                    Conjuration/Ice              2
   c - Ozocubu's Armour               Charms/Ice                   3
   d - Throw Icicle                   Conjuration/Ice              4
   e - Summon Ice Beast               Ice/Summoning                4
Comestibles
 f - 9 bread rations
 g - 2 fruits
 i - 10 slices of pizza
 q - 5 meat rations
 U - 13 royal jellies


   Skills:
 - Level 3.8 Fighting
 - Level 16.0 Polearms
 - Level 2.0 Throwing
 * Level 6.7 Armour
 + Level 8.8 Dodging
 + Level 5.5 Evocations


You had 10 spell levels left.
You didn't know any spells.

Dungeon Overview and Level Annotations

Branches:
Dungeon (10/15)            Temple (1/1) D:7            Lair (0/6) D:8
    Orc: D:9-12

Altars:
Ashenzari
Cheibriados
Dithmenos
Elyvilon
Fedhas
Gozag
Hepliaklqana
Kikubaaqudgha
Makhleb
Nemelex Xobeh
Okawaru
Qazlal
Ru
Sif Muna
Trog
Uskayaw
Vehumet
Xom
Yredelemnul
Zin
The Shining One

Shops:
D:7 *

Annotations:
D:7 4 runed doors
D:10 Alatreon's ghost, journeyman FeTm


Message History

Alatreon's ghost is heavily damaged.
You completely miss Alatreon's ghost.
Alatreon's ghost is heavily damaged.
Alatreon's ghost hits you but does no damage.
You closely miss Alatreon's ghost.
Alatreon's ghost is heavily damaged.
Alatreon's ghost hits you!
* * * LOW HITPOINT WARNING * * *
You are too injured to fight recklessly!
You are too injured to fight recklessly!
You are too injured to fight recklessly!
You completely miss Alatreon's ghost.
Alatreon's ghost is heavily damaged.
You miss Alatreon's ghost.
Alatreon's ghost is heavily damaged.
Alatreon's ghost hits you but does no damage.
You miss Alatreon's ghost.
Alatreon's ghost is moderately damaged.
Alatreon's ghost hits you!!
You die...

...... ......
##.... ## .###
.. .
##########'####
#
...............
...............
........W......
.......@.......
...............
###############


You could see Alatreon's ghost.

Vanquished Creatures
  Joseph (D:7)
  A queen bee (D:9)
  A troll (D:10)
  A two-headed ogre (D:9)
  Prince Ribbit (D:7)
  A yak (D:9)
  A hippogriff (D:9)
  Sigmund (D:5)
  3 hogs (D:9)
  A human (D:9)
  A soldier ant (D:9)
  2 water moccasins (D:8)
  3 orc warriors
  3 black bears
  5 sky beasts
  5 phantoms
  3 ogres
  4 centaurs
  A big kobold (D:9)
  A gnoll sergeant (D:8)
  A wyvern zombie (D:9)
  5 bullfrogs
  A scorpion (D:5)
  28 killer bees
  2 howler monkeys (D:9)
  2 crimson imps
  3 jellies
  2 bullfrog zombies
  A bullfrog skeleton (D:9)
  A centaur zombie (D:5)
  2 quasits
  7 orc priests
  6 orc wizards
  Crazy Yiuf (D:3)
  3 centaur skeletons
  7 worker ants
  A killer bee zombie (D:7)
  A hound zombie (D:6)
  2 worker ant zombies
  4 gnolls (D:8)
  10 adders
  4 shadow imps
  2 oozes
  4 adder zombies
  An adder skeleton (D:7)
  2 worms (D:2)
  A dart slug (D:1)
  4 leopard geckos
  36 orcs
  4 giant cockroaches
  5 goblins
  9 hobgoblins
  24 jackals
  20 kobolds
  4 quokkas
  2 bats
  5 frilled lizards
  A jackal skeleton (D:6)
  A leopard gecko zombie (D:5)
  A quokka skeleton (D:4)
  17 rats
277 creatures vanquished.

Notes
Turn   | Place    | Note
-------+----------+-------------------------------------------
     0 | D:1      | ChaseSP the Merfolk Gladiator began the quest for the Orb.
     0 | D:1      | Reached XP level 1. HP: 16/16 MP: 1/1
   181 | D:1      | Reached skill level 5 in Polearms
   211 | D:1      | Reached XP level 2. HP: 17/22 MP: 2/2
   449 | D:1      | Reached XP level 3. HP: 16/27 MP: 3/3
   453 | D:1      | Reached skill level 6 in Polearms
  1167 | D:2      | Reached skill level 7 in Polearms
  1167 | D:2      | Reached XP level 4. HP: 23/33 MP: 4/4
  1612 | D:2      | Found a stormy altar of Qazlal.
  1869 | D:3      | Found a runed door.
  2104 | D:3      | Reached skill level 8 in Polearms
  2105 | D:3      | Reached XP level 5. HP: 38/38 MP: 5/5
  2508 | D:3      | Noticed Crazy Yiuf
  2521 | D:3      | Killed Crazy Yiuf
  2934 | D:4      | Noticed a phantom
  2962 | D:4      | Killed a phantom
  2962 | D:4      | Reached skill level 9 in Polearms
  2962 | D:4      | Reached XP level 6. HP: 30/44 MP: 1/6
  3139 | D:4      | Reached skill level 10 in Polearms
  3408 | D:4      | Noticed a phantom
  3421 | D:4      | Killed a phantom
  3421 | D:4      | Reached XP level 7. HP: 50/50 MP: 7/7
  3574 | D:5      | Entered Level 5 of the Dungeon
  3611 | D:5      | Reached skill level 11 in Polearms
  3642 | D:4      | Reached skill level 1 in Armour
  4100 | D:5      | Noticed Sigmund
  4124 | D:5      | Killed Sigmund
  4124 | D:5      | Reached XP level 8. HP: 51/56 MP: 6/8
  4132 | D:5      | Reached skill level 12 in Polearms
  5064 | D:6      | Reached skill level 13 in Polearms
  5386 | D:5      | Reached XP level 9. HP: 48/61 MP: 7/9
  5812 | D:7      | Noticed Prince Ribbit
  5821 | D:7      | Killed Prince Ribbit
  5821 | D:7      | Reached skill level 5 in Armour
  5836 | D:7      | Reached skill level 14 in Polearms
  5925 | D:7      | Found a staircase to the Ecumenical Temple.
  5975 | D:7      | Found a huge runed gate.
  5976 | D:7      | Noticed a polar bear
  5992 | D:7      | Noticed a polar bear
  5993 | D:7      | Found a huge runed gate.
  5993 | D:7      | Found a huge runed gate.
  5993 | D:7      | Found a huge runed gate.
  5993 | D:7      | Noticed a polar bear
  6072 | D:7      | Noticed Joseph
  6106 | D:7      | Killed Joseph
  6172 | D:7      | Got a faintly glowing platinum ring
  6178 | D:7      | Identified the ring "Fusuvuq" {+Inv rC+ EV+2 Stlth+} (You found it on level 7 of the Dungeon)
  6332 | D:7      | Reached skill level 5 in Dodging
  6480 | D:7      | Found Gefogg's General Store.
  6814 | Temple   | Entered the Ecumenical Temple
  6834 | Temple   | Became a worshipper of Warmaster Okawaru
  6913 | D:8      | Reached skill level 1 in Evocations
  7115 | D:8      | Found a shattered altar of Ashenzari.
  7116 | D:8      | Found a snail-covered altar of Cheibriados.
  7117 | D:8      | Found a blossoming altar of Fedhas.
  7158 | D:8      | Reached * piety under Okawaru
  7402 | D:8      | Reached XP level 10. HP: 71/71 MP: 11/11
  7649 | D:8      | Found a staircase to the Lair.
  8189 | D:9      | Reached ** piety under Okawaru
  8189 | D:9      | Reached skill level 15 in Polearms
  8456 | D:9      | Found a sparkling altar of Nemelex Xobeh.
  8772 | D:9      | Reached *** piety under Okawaru
  9400 | D:9      | Reached skill level 16 in Polearms
  9400 | D:9      | Reached skill level 5 in Evocations
  9400 | D:9      | Reached XP level 11. HP: 72/76 MP: 14/14
  9708 | D:10     | Entered Level 10 of the Dungeon
  9916 | D:10     | Reached **** piety under Okawaru
 10327 | D:10     | Noticed Alatreon's ghost (journeyman FeTm)
 10506 | D:10     | Slain by Alatreon's ghost

Vault maps used:
D:1:      minmay_arrival_arboretum_small, minmay_rat_gold_closets
D:2:      nicolae_qazlal_eye_of_the_storm
D:3:      corexii_shack, minmay_fountain_box, uniq_crazy_yiuf_cottage
D:4:      first_bread
D:5:      cheibrodos_iron_armory, uniq_sigmund
D:7:      lemuel_bear_cage, serial_shops, nicolae_shop_waterfront, uniq_joseph,
          uniq_prince_ribbit1
D:8:      gammafunk_temple_overflow_forgotten,
          hangedman_abyss_or_decor_jellyfish_corner
D:9:      nemelex_xobeh_ov_fountains_minmay, grunt_livestock, st_stairs_1
D:10:     kennysheep_generic_room_10
Temple:   lightli_temple_of_artemis

Skill      XL: |  1  2  3  4  5  6  7  8  9 10 |
---------------+-------------------------------+-----
Polearms       | 5 7 8 9 10 11 13 14 16 | 16.0
Armour         | 2 4 5 6 |  6.7
Fighting       | 3 |  3.8
Dodging        | 5 8 |  8.8
Evocations     | 2 5 |  5.5
Throwing       | |  2.0

Action                   |  1- 3 |  4- 6 |  7- 9 | 10-12 || total
-------------------------+-------+-------+-------+-------++-------
Melee: Trident           |   138 |   238 |   543 |       ||   919
       Halberd           |       |       |    45 |   540 ||   585
Invok: Heroism           |       |       |       |     2 ||     2
Evoke: Wand              |       |     1 |     6 |       ||     7
  Use: Potion            |       |     7 |       |     1 ||     8
       Scroll            |       |     3 |     9 |     3 ||    15
 Stab: Sleeping          |     2 |       |       |       ||     2
       Distracted        |       |       |     1 |       ||     1
  Eat: Chunk             |     1 |     7 |    14 |     6 ||    28
       Royal jelly       |       |       |       |     1 ||     1
       Beef jerky        |       |       |       |     2 ||     2
Armor: Leather armour    |    17 |       |       |       ||    17
       Chain mail        |    24 |    89 |   206 |   245 ||   564
Dodge: Dodged            |    50 |    71 |   145 |   359 ||   625
